 Dungeon Crawl Stone Soup version 0.32-a0-928-g1cae6b7ea0 (webtiles) character file.

Game seed: 3130492009463051953

1820 pataphysics the Skirmisher (level 8, -6/60 HPs)
             Began as a Demigod Hunter on Apr 12, 2024.
             Killed from afar by a steam dragon (23 damage)
             ... with a ball of steam
             ... on level 7 of the Dungeon.
             The game lasted 00:05:55 (5530 turns).

pataphysics the Skirmisher (Demigod Hunter)         Turns: 5530, Time: 00:05:56

Health: -6/60      AC:  4    Str: 12    XL:     8   Next: 55%
Magic:  10/10      EV: 11    Int: 11    God:
Gold:   189        SH:  0    Dex: 25    Spells: 7/7 levels left

rFire   . . .        w - +4 arbalest
rCold   + . .        (shield currently unavailable)
rNeg    . . .        z - +0 leather armour of Omission {rElec rC+}
rPois   .            (no helmet)
rElec   +            (no cloak)
rCorr   .            (no gloves)
SInv    .            v - +0 pair of boots
Will    .....        (no amulet)
Stlth   ++           (no ring)
HPRegen 0.30/turn    (no ring)
MPRegen 0.12/turn

%: no passive effects
@: no status effects
A: high MP 1, forlorn, divine attributes
a: no special abilities


You were on level 7 of the Dungeon.
You visited 1 branch of the dungeon, and saw 7 of its levels.

You collected 454 gold pieces.
You spent 265 gold pieces at shops.

Inventory:

Hand Weapons
 a - a +0 shortbow
 w - a +4 arbalest (weapon)
Armour
 c - a +0 leather armour
 v - a +0 pair of boots (worn)
 z - the +0 leather armour of Omission (worn) {rElec rC+}
   (You found it on level 5 of the Dungeon)

   rC+:       It protects you from cold.
   rElec:     It insulates you from electricity.
Jewellery
 B - an amulet of guardian spirit
Wands
 o - a wand of roots (19)
Scrolls
 f - a scroll of fog {unknown}
 g - a scroll of teleportation
 l - a scroll of noise
 m - a scroll of poison {unknown}
 p - a scroll of enchant weapon {unknown}
 q - 2 scrolls of enchant armour {unknown}
 r - a scroll of revelation {unknown}
 s - 2 scrolls of amnesia {unknown}
 u - a scroll of acquirement {unknown}
 x - a scroll of silence {unknown}
 y - a scroll of vulnerability {unknown}
 A - a scroll of butterflies
 C - 2 scrolls of identify
Potions
 b - a potion of might {unknown}
 d - 3 potions of curing
 e - 2 potions of brilliance
 h - 2 potions of degeneration {unknown}
 j - 2 potions of lignification
 k - a potion of mutation {unknown}
 n - a potion of resistance {unknown}
 t - 2 potions of invisibility


   Skills:
 - Level 1.7 Fighting
 * Level 11.1 Ranged Weapons
 - Level 1.7 Dodging
 - Level 0.8 Stealth


You had 7 spell levels left.
You didn't know any spells.
Your spell library contained the following spells:

 Spells                   Type           Power      Damage    Failure   Level
 Apportation              Tloc           0%         N/A       41%         1
 Kiss of Death            Conj/Necr      0%         2d5       41%         1
 Necrotise                Necr           0%         1d4       41%         1
 Shock                    Conj/Air       0%         1d3       41%         1
 Call Imp                 Summ           0%         N/A       56%         2
 Jinxbite                 Hex            0%         N/A       56%         2
 Sublimation of Blood     Necr           0%         N/A       56%         2
 Confusing Touch          Hex            0%         N/A       80%         3
 Swiftness                Air            0%         N/A       80%         3
 Tukima's Dance           Hex            0%         N/A       80%         3
 Vampiric Draining        Necr           0%         2d6       80%         3
 Airstrike                Air            0%         2d(0-16)  99%         4
 Dispel Undead            Necr           0%         3d6       99%         4
 Martyr's Knell           Necr/Summ      0%         N/A       99%         4
 Passage of Golubria      Tloc           0%         N/A       99%         4
 Alistair's Intoxication  Alch           0%         N/A       100%        5
 Curse of Agony           Necr           0%         N/A       100%        5
 Summon Forest            Summ/Tloc      0%         N/A       100%        5
 Yara's Violent Unravell  Hex/Alch       0%         3d3       100%        5
 Eringya's Noxious Bog    Alch           0%         4d6       100%        6
 Summon Hydra             Summ           0%         N/A       100%        7


Dungeon Overview and Level Annotations

Branches:
Dungeon (7/15)
 Temple: D:4-7

Shops:
D:2 (   D:3 !


Innate Abilities, Weirdness & Mutations

You have an increased reservoir of magic. (+10% MP)
You shall have no god before yourself.
Your divine heritage dramatically boosts your attributes as you level up.


Message History

The gnoll attacks as it pursues you!
The gnoll hits you from afar with a +0 halberd.
You shoot a bolt. The bolt completely misses the gnoll.
The gnoll barely misses you.
You shoot a bolt. The bolt hits the gnoll!!
You kill the gnoll!
You shoot a bolt.
The bolt closely misses the steam dragon.
You shoot a bolt. The bolt hits the steam dragon.
The steam dragon is lightly wounded.
You shoot a bolt.
The bolt closely misses the steam dragon.
The steam dragon breathes steam at you. The ball of steam hits you!
Fire: w) +4 arbalest
Press: ? - help, Q - select action, (/) - cycle Shift-Dir - straight line, f/p - steam dragon
Aim: a steam dragon (steam, lightly wounded, catching its breath, 69% to hit)
You shoot a bolt. The bolt hits the steam dragon!
The steam dragon is heavily wounded.
You are engulfed in a cloud of scalding steam.
* * * LOW HITPOINT WARNING * * *
The steam dragon completely misses you.
The steam dragon claws you but does no damage.
Unknown command.
Unknown command.
You feel much better. The steam dragon bites you! The steam dragon claws you.
Unknown command.
Unknown command.
Fire: w) +4 arbalest
Press: ? - help, Q - select action, (/) - cycle Shift-Dir - straight line, f/p - steam dragon
Aim: a steam dragon (steam, heavily wounded, 69% to hit)
You shoot a bolt. The bolt hits the steam dragon!
The steam dragon is severely wounded.
The steam dragon bites you!
* * * LOW HITPOINT WARNING * * *
The steam dragon claws you.
* * * LOW HITPOINT WARNING * * *
The steam dragon breathes steam at you. The ball of steam hits you!!
You die...

#..#)...# #....#.##.##
#.#....# #...#§§.#..# #
#.....###..#.#.#§#.# #.
#.....##...§§§§§§§.#
.#.#..........#§#.#§###
#.)............#.§§##
#......####...##.##
#.#......##......####
#........#..###@D)..##
####.....)..## #####......$
......#......# #...)§.....
......#.#..#.###....#.)###.
........#.##......####§#
........>.###.<.........
.........#.......#######D
...........#..#### ..
.............##


You could see a steam dragon (catching breath).

Vanquished Creatures
  Sigmund (D:3)
  Eustachio (D:4)
  An ice beast (D:7)
  2 ogres
  2 centaurs
  A kobold brigand (D:6)
  A bullfrog (D:6)
  A gnoll sergeant (D:6)
  2 scorpions
  2 orc priests (D:6)
  A bombardier beetle (D:5)
  4 hounds
  A jelly (D:5)
  A sleepcap (D:7)
  Natasha (thrice) (D:3)
  5 orc wizards
  11 gnolls
  9 adders
  A dart slug (D:2)
  20 orcs
  7 bats
  5 endoplasms
  3 giant cockroaches
  13 goblins
  10 hobgoblins
  11 jackals
  6 kobolds
  3 quokkas
  7 ball pythons
  5 frilled lizards
  6 rats
146 creatures vanquished.

Vanquished Creatures (others)
  An orc (D:7)
1 creature vanquished.

Grand Total: 147 creatures vanquished

Notes
Turn   | Place    | Note
-------+----------+-------------------------------------------
     0 | D:1      | pataphysics the Demigod Hunter began the quest for the Orb.
     0 | D:1      | Reached XP level 1. HP: 17/17 MP: 3/3
    93 | D:1      | Reached skill level 4 in Ranged Weapons
   203 | D:1      | Reached XP level 2. HP: 24/24 MP: 4/4
   595 | D:1      | Reached XP level 3. HP: 20/29 MP: 5/5
   729 | D:2      | Found Poschien's Weapon Emporium.
   944 | D:2      | Reached skill level 5 in Ranged Weapons
  1357 | D:2      | Reached XP level 4. HP: 36/36 MP: 6/6
  1654 | D:3      | Found Rupnis's Distillery.
  1686 | D:3      | Noticed Natasha
  1690 | D:3      | Killed Natasha
  1741 | D:3      | Noticed Sigmund
  1938 | D:3      | Killed Sigmund
  1939 | D:3      | Reached skill level 6 in Ranged Weapons
  1939 | D:3      | Reached XP level 5. HP: 31/41 MP: 7/7
  2153 | D:3      | Noticed Natasha
  2162 | D:3      | Killed Natasha
  2163 | D:3      | Reached skill level 7 in Ranged Weapons
  2163 | D:3      | Reached XP level 6. HP: 45/48 MP: 8/8
  2411 | D:3      | Noticed Natasha
  2414 | D:3      | Killed Natasha
  2518 | D:4      | Noticed Eustachio
  2794 | D:4      | Killed Eustachio
  2795 | D:4      | Reached skill level 8 in Ranged Weapons
  2820 | D:4      | Reached XP level 7. HP: 53/53 MP: 9/9
  3439 | D:2      | Bought a +4 arbalest for 265 gold pieces
  3496 | D:5      | Entered Level 5 of the Dungeon
  3687 | D:5      | Reached skill level 9 in Ranged Weapons
  3838 | D:5      | Identified the +0 leather armour of Omission {rElec rC+}
  4650 | D:6      | Reached XP level 8. HP: 60/60 MP: 10/10
  4659 | D:6      | Reached skill level 10 in Ranged Weapons
  5492 | D:7      | Reached skill level 11 in Ranged Weapons
  5530 | D:7      | Killed from afar by a steam dragon

Illustrated notes

Levels and vault maps discovered:
D:1:      heliophobic_arrival_enchanted_forest, layout_rooms,
          shapermc_ecumenical_altar_mp_highgroup, minmay_tromino_v4_b
D:2:      layout_loops_ring, basic_altar, serial_shops,
          nicolae_shop_tiny_statue_garden, minmay_misc_feat_columns,
          minmay_door_square, chequers_serial_rivers_micro_c,
          chequers_decorated_corner
D:3:      layout_basic, nicolae_gozag_cash_rules_everything_around_me,
          nicolae_overflow_ecumenical_swirl, serial_shops, shop_coins,
          uniq_natasha, uniq_sigmund
D:4:      layout_basic, kennysheep_okawaru_gauntlet, minmay_strange_pillars,
          uniq_eustachio
D:5:      layout_basic, kennysheep_mini, corexii_item_surrounded_by_moat
D:6:      layout_rooms, mainiacjoe_overflow_alcove_1, lemuel_doored_altar
D:7:      layout_rooms, grunt_dithmenos_smoke_and_mirrors,
          minmay_temple_entry_drinking_statues, minmay_shattered_shrine

Skill      XL: |  1  2  3  4  5  6  7  8 |
---------------+-------------------------+-----
Ranged Weapons | 4 5 6 7 8 9 11 | 11.1
Fighting       | |  1.7
Dodging        | |  1.7
Stealth        | |  0.8

Action                     |  1- 3 |  4- 6 |  7- 9 || total
---------------------------+-------+-------+-------++-------
   Fire: Shortbow          |   130 |   125 |    32 ||   287
         Arbalest          |       |       |   108 ||   108
    Use: Scroll            |     1 |     2 |     5 ||     8
         Potion            |       |     1 |     4 ||     5
 Armour: Leather armour    |    80 |    25 |    62 ||   167
  Dodge: Dodged            |    73 |    24 |    43 ||   140

Table legend: (Time is in decaauts)
 A = Elapsed time spent in this place.
 B = Non-inter-level travel time spent in this place.
 C = Inter-level travel time spent in this place.
 D = Time resting spent in this place.
 E = Time spent auto-exploring this place.
 F = Levels seen in this place.
 G = Mean time per level.
                   A        B        C        D        E       F      G
               +--------+--------+--------+--------+--------+-----+--------+
         Total |   5637 |   5353 |    284 |    761 |   3655 |   7 |  805.3 |
       Dungeon |   5637 |   5353 |    284 |    761 |   3655 |   7 |  805.3 |
               +--------+--------+--------+--------+--------+-----+--------+

Top non-repeatable levels by time:
     D:3: 1275 daAuts
     D:5: 1196 daAuts
     D:4: 833 daAuts
     D:6: 766 daAuts
     D:1: 749 daAuts
     D:2: 695 daAuts
     D:7: 120 daAuts
